 Dungeon Sprint DCSS version 0.19.0-11-g3fc08b3 (webtiles) character file.

6449 equalderp2856 the Imperceptible (level 10, -7/45 HPs)
             Began as a Felid Fighter on Nov 9, 2016.
             Mangled by a lorocyproca (37 damage)
             ... in the Dungeon (Sprint I: "Red Sonja").
             The game lasted 00:22:10 (3812 turns).

equalderp2856 the Imperceptible (Felid Fighter)     Turns: 3812, Time: 00:22:10

Health: -7/45      AC:  2    Str: 12 (14) XL:     10   Next: 67%
Magic:  12/12      EV: 26    Int:  8      God:
Gold:   1571       SH:  0    Dex: 12 (13) Spells: 0 memorised, 9 levels left
                                        Lives:  0   Deaths: 3

rFire  . . .     SeeInvis +       - Unarmed
rCold  + . .     Gourm    .     (armour unavailable)
rNeg   . . .     Faith    .     (shield unavailable)
rPois  .         Spirit   .     (helmet unavailable)
rElec  .         Reflect  .     (cloak unavailable)
rCorr  .         Harm     .     (gloves unavailable)
MR     +....     Clarity  +     (boots unavailable)
Stlth  +++++++++. NoTele   +    (no amulet)
                                (no ring)
                                (no ring)

@: quick
A: no armour, no weapons or thrown items, stealth, claws 1, fangs 3, see
invisible, carnivore 3, clarity, clumsy 2, cold resistance 1, deterioration 2,
dopey 1, speed 1, frail 1, screaming 1, shaggy fur 2, slow metabolism 1, subdued
magic 1, MP-powered wands, sharp paws
a: no special abilities


You were in the Dungeon.
You were not hungry.

You visited 1 branch You collected 1967 gold pieces.
You spent 396 gold pieces at shops.

Inventory:

Wands
 o - a wand of acid (7/15)
Scrolls
 h - a scroll of blinking
 l - 2 scrolls of identify {unknown}
 m - a scroll of remove curse {unknown}
Potions
 a - a potion of might
 c - a potion of curing
 d - 3 potions of heal wounds
 e - a potion of haste
 f - 2 potions of magic
 g - a potion of berserk rage
 i - a potion of cure mutation {unknown}
 j - a potion of lignification {unknown}
Books
 k - a book of Enchantments

   Spells                             Type                      Level
   a - Cause Fear                     Hexes                        4
   b - Yara's Violent Unravelling     Hexes/Transmutation          5
   c - Silence                        Hexes/Air                    5
   d - Deflect Missiles               Charms/Air                   6
   e - Discord                        Hexes                        8
Miscellaneous
 n - a lamp of fire
Comestibles
 b - 2 meat rations


   Skills:
 + Level 9.9 Fighting
 + Level 13.1 Dodging
 * Level 22.9 Stealth
 + Level 18.6 Unarmed Combat
 + Level 2.3 Evocations


You had 9 spell levels left.
You didn't know any spells.

Dungeon Overview and Level Annotations

Branches:
Dungeon (1/1)

Altars:
Cheibriados
Dithmenos
Elyvilon
Fedhas
Gozag
Hepliaklqana
Kikubaaqudgha
Makhleb
Nemelex Xobeh
Okawaru
Qazlal
Ru
Sif Muna
Trog
Uskayaw
Vehumet
Xom
Yredelemnul
Zin
The Shining One
Jiyva
Lugonu

Shops:
D ?}(!!*[


Innate Abilities, Weirdness & Mutations

You cannot wear armour.
You are incapable of wielding weapons or throwing items.
Your paws allow you to move quietly. (Stealth)
You have sharp claws.
You have razor-sharp teeth.
You have supernaturally acute eyesight. (SInv)
You are carnivorous and can eat meat at any time.
You cover ground quickly.
You are covered in thick fur. (AC +2)
You have a slow metabolism.
Your sharp claws are effective at attacking unaware monsters.
You possess an exceptional clarity of mind.
You are very clumsy. (Dex -4)
Your flesh is cold resistant. (rC+)
Your body often deteriorates upon taking damage.
You are dopey. (Int -2)
You are frail. (-10% HP)
You occasionally shout uncontrollably at your foes.
Your spells are a little easier to cast, but a little less powerful.
You expend magic power (3 MP) to strengthen your wands.


Message History

You close the door.
You open the door.
You close the door.
You start resting.
HP restored.
You open the door.
There is an open door here.
Really walk into a travel-excluded area?
Uppercase [Y]es or [N]o only, please.
Really walk into a travel-excluded area?
An arrow misses the lorocyproca!
The lorocyproca gives a chilling moan.
You claw the lorocyproca!
The lorocyproca is lightly wounded.
You mangle the lorocyproca!! You bite the lorocyproca.
The lorocyproca is heavily wounded.
The meliai mumbles some strange prayers to its god against you.
Something smites you! The lorocyproca hits you!!!
Ouch! That really hurt!
You die...

#################################
__#..')..#.(#§§.§§.§....'..#^^+$§
^.÷..#)..##'#.####§§§.§##..'^^#§§
__####...'§.#.#[###§§.#######+#§§
###..#####..§.#'#$###+# ## #$$
§≈§§)#..##'####^.$#y#§##$$$# ##§
§§§§§'§§#.§.§§#..$###§§###$# #
§≈§§)#.§#.§§.§'.@$$$##§#A#$#
#§#####§###§).#2....# .###$#
(§.[###.'.#§§§###++## ##..$#
#'###.###.#§§## +###
....'.∩##.#..# #########.##'#
.......##§##.# ........§§####
''.######.#


You could see a lorocyproca (invisible) and a meliai.

Vanquished Creatures
  A hydra (D)
  2 centaur warriors (D)
  2 unseen horrors (D)
  A deep troll (D)
  A lindwurm (D)
  An oklob plant (D)
  8 shining eyes (D)
  A gargoyle (D)
  4 demonic crawlers (D)
  2 kobold demonologists (D)
  A hornet (D)
  A slime creature (D)
  Sigmund (D)
  2 redbacks (D)
  A yak (D)
  13 hogs (D)
  7 floating eyes (D)
  7 necrophages (D)
  An ogre (D)
  8 jellies (D)
  Ijyb (D)
  3 ballistomycetes (D)
69 creatures vanquished.

Vanquished Creatures (others)
  Sonja (D)
  A gargoyle (D)
  2 ballistomycete spores (D)
4 creatures vanquished.

Grand Total: 73 creatures vanquished

Notes
Turn   | Place    | Note
-------+----------+-------------------------------------------
     0 | D        | equalderp2856 the Felid Fighter began the quest for the Orb.
     0 | D        | Reached XP level 1. HP: 10/10 MP: 2/2
     2 | D        | Noticed Ijyb
    10 | D        | Killed Ijyb
    10 | D        | Reached skill level 3 in Stealth
    10 | D        | Reached skill level 5 in Unarmed Combat
    10 | D        | Reached XP level 2. HP: 15/15 MP: 3/3
    13 | D        | Noticed an ogre
    17 | D        | Killed an ogre
    17 | D        | Reached skill level 5 in Stealth
    17 | D        | Reached XP level 3. HP: 18/18 MP: 4/4
    17 | D        | Reached XP level 4. HP: 22/22 MP: 5/5
    19 | D        | Noticed Sigmund
    32 | D        | Killed Sigmund
    32 | D        | Reached skill level 5 in Fighting
    32 | D        | Reached skill level 7 in Stealth
    32 | D        | Reached XP level 5. HP: 16/27 MP: 6/6
   161 | D        | Found a deep blue altar of Sif Muna.
   163 | D        | Found a radiant altar of Vehumet.
   166 | D        | Gained mutation: You are covered in thick fur. (AC +2) [Felid growth]
   166 | D        | Reached XP level 6. HP: 15/31 MP: 7/7
   438 | D        | Found a burning altar of Makhleb.
   438 | D        | Found a viscous altar of Jiyva.
   438 | D        | Found a shimmering altar of Xom.
   438 | D        | Found a corrupted altar of Lugonu.
   438 | D        | Noticed a slime creature
   449 | D        | Killed a slime creature
   449 | D        | Reached skill level 8 in Stealth
   588 | D        | Noticed a centaur warrior
   623 | D        | Found Jomej's Distillery.
   623 | D        | Found an ancient bone altar of Kikubaaqudgha.
   623 | D        | Found a hazy altar of Hepliaklqana.
   623 | D        | Found a hide-covered altar of Uskayaw.
   623 | D        | Found a basalt altar of Yredelemnul.
   623 | D        | Found an opulent altar of Gozag.
   623 | D        | Found a snail-covered altar of Cheibriados.
   623 | D        | Found a sacrificial altar of Ru.
   623 | D        | Found a shadowy altar of Dithmenos.
   623 | D        | Noticed a yak
   624 | D        | Found a stormy altar of Qazlal.
   624 | D        | Found a blossoming altar of Fedhas.
   624 | D        | Found a bloodstained altar of Trog.
   624 | D        | Found an iron altar of Okawaru.
   624 | D        | Found a glowing golden altar of the Shining One.
   624 | D        | Found a glowing silver altar of Zin.
   624 | D        | Found a white marble altar of Elyvilon.
   625 | D        | Killed a yak
   625 | D        | Reached skill level 9 in Stealth
   625 | D        | Reached XP level 7. HP: 35/35 MP: 8/8
   626 | D        | Found a sparkling altar of Nemelex Xobeh.
   641 | D        | Noticed Sonja
   649 | D        | Killed by an exploding ballistomycete spore
   649 | D        | Killed Sonja
   650 | D        | Reached XP level 6. HP: -9/31 MP: 7/7
   650 | D        | Found Mynemnua's Magic Scroll Boutique.
   728 | D        | Noticed a deep troll
   732 | D        | Killed a deep troll
   732 | D        | Reached skill level 10 in Stealth
   732 | D        | Reached XP level 7. HP: 36/36 MP: 8/8
   754 | D        | Noticed a centaur warrior
   758 | D        | Killed a centaur warrior
   758 | D        | Reached skill level 10 in Dodging
   758 | D        | Reached skill level 12 in Stealth
   758 | D        | Reached XP level 8. HP: 41/41 MP: 9/9
   760 | D        | Killed a centaur warrior
   760 | D        | Reached skill level 13 in Stealth
   760 | D        | Reached XP level 9. HP: 45/45 MP: 10/10
   788 | D        | Noticed a shining eye
   788 | D        | Noticed a shining eye
   788 | D        | Noticed a shining eye
   788 | D        | Noticed a shining eye
   788 | D        | Noticed a shining eye
   788 | D        | Noticed a shining eye
   827 | D        | Reached skill level 14 in Stealth
   840 | D        | Noticed an oklob plant
   842 | D        | Killed an oklob plant
   842 | D        | Reached skill level 15 in Unarmed Combat
   864 | D        | Reached skill level 15 in Stealth
  1018 | D        | Noticed an unseen horror
  1036 | D        | Noticed an unseen horror
  1139 | D        | Reached skill level 16 in Stealth
  1263 | D        | Killed an unseen horror
  1263 | D        | Reached skill level 17 in Stealth
  1263 | D        | Reached XP level 10. HP: 15/49 MP: 11/11
  1266 | D        | Killed an unseen horror
  1266 | D        | Reached skill level 18 in Stealth
  1519 | D        | Found Maad's Armour Emporium.
  1573 | D        | Bought a potion of heal wounds for 55 gold pieces
  1573 | D        | Bought a potion of curing for 33 gold pieces
  1598 | D        | Paralysed by a floating eye for 2 turns
  1617 | D        | Paralysed by a floating eye for 3 turns
  1629 | D        | Gained mutation: You are frail. (-10% HP) [a shining eye]
  1630 | D        | Gained mutation: Your flesh is cold resistant. (rC+) [a shining eye]
  1642 | D        | Gained mutation: You occasionally shout uncontrollably at your foes. [a shining eye]
  1647 | D        | Gained mutation: Your body sometimes deteriorates upon taking damage. [a shining eye]
  1649 | D        | Gained mutation: You are dopey. (Int -2) [a shining eye]
  1657 | D        | Killed a shining eye
  1657 | D        | Reached skill level 19 in Stealth
  1771 | D        | Gained mutation: You expend magic power (3 MP) to strengthen your wands. [a shining eye]
  1773 | D        | Gained mutation: You are clumsy. (Dex -2) [a shining eye]
  1780 | D        | Gained mutation: You are weak. (Str -2) [a shining eye]
  1932 | D        | Gained mutation: Your body often deteriorates upon taking damage. [a shining eye]
  1934 | D        | Killed a shining eye
  1948 | D        | Gained mutation: Your spells are a little easier to cast, but a little less powerful. [a shining eye]
  1952 | D        | Gained mutation: You are very clumsy. (Dex -4) [a shining eye]
  1956 | D        | Killed a shining eye
  1964 | D        | Lost mutation: You are weak. (Str -2) [a shining eye]
  1967 | D        | Gained mutation: You possess an exceptional clarity of mind. [a shining eye]
  1968 | D        | Gained mutation: Your magical capacity is low. (-10% MP) [a shining eye]
  1969 | D        | Killed a shining eye
  1969 | D        | Reached skill level 20 in Stealth
  1972 | D        | Lost mutation: Your magical capacity is low. (-10% MP) [a shining eye]
  1973 | D        | Killed a shining eye
  1975 | D        | Noticed a shining eye
  1975 | D        | Noticed a shining eye
  1978 | D        | Killed a shining eye
  1984 | D        | Killed a shining eye
  1984 | D        | Reached skill level 21 in Stealth
  1984 | D        | Reached XP level 11. HP: 47/47 MP: 12/12
  1989 | D        | Killed a shining eye
  1992 | D        | Found Didoileaq's Gadget Shoppe.
  1992 | D        | Found Xabiurphadu's Distillery.
  1992 | D        | Found Zoun's Antique Weapon Emporium.
  1992 | D        | Found Henlau's General Store.
  2335 | D        | Bought a wand of acid (10/15) for 308 gold pieces
  2564 | D        | Mangled by a demonic crawler
  2565 | D        | Reached XP level 10. HP: -7/44 MP: 11/11
  2581 | D        | Slain by a demonic crawler
  2582 | D        | Reached XP level 9. HP: 0/40 MP: 10/10
  2593 | D        | Killed a demonic crawler
  2621 | D        | Killed a demonic crawler
  2623 | D        | Killed a demonic crawler
  2685 | D        | Noticed a lindwurm
  2694 | D        | Killed a lindwurm
  2694 | D        | Reached skill level 22 in Stealth
  2707 | D        | Noticed a gargoyle
  2736 | D        | Reached XP level 10. HP: 31/44 MP: 11/11
  2753 | D        | Reached skill level 1 in Evocations
  3207 | D        | Noticed a 12-headed hydra
  3209 | D        | Killed a 12-headed hydra
  3226 | D        | Noticed a daeva
  3459 | D        | Killed a gargoyle
  3700 | D        | Killed a gargoyle
  3748 | D        | Noticed a lorocyproca
  3812 | D        | Mangled by a lorocyproca

Skill      XL: |  1  2  3  4  5  6  7  8  9 10 |
---------------+-------------------------------+-----
Stealth        | 3 5 7 10 12 13 22 21 | 22.9
Unarmed Combat | 5 7 9 13 14 18 17 | 18.6
Fighting       | 4 5 6 7 8 9 |  9.9
Dodging        | 6 7 9 10 11 13 | 13.1
Evocations     | 2 |  2.3

Action                   |  1- 3 |  4- 6 |  7- 9 | 10-12 || total
-------------------------+-------+-------+-------+-------++-------
Melee: Unarmed           |     8 |    30 |    71 |   105 ||   214
       Bite              |     2 |     6 |     9 |    12 ||    29
       Punch             |       |     3 |     8 |    11 ||    22
Evoke: Wand              |       |       |     3 |       ||     3
       Lamp of fire      |       |       |       |     1 ||     1
  Use: Potion            |       |       |     1 |     4 ||     5
 Stab: Sleeping          |     2 |     2 |    11 |     6 ||    21
       Distracted        |       |       |       |     2 ||     2
  Eat: Meat ration       |       |       |       |     1 ||     1
Armor: Skin              |       |       |     1 |     2 ||     3
Dodge: Dodged            |     5 |    10 |    55 |    62 ||   132
